 Dungeon Crawl Stone Soup version 0.27-a0-277-g024f7ef292 (webtiles) character file.

Game seed: 9087845189606763945

503864 sanka the Ninja (level 23, -7/126 HPs)
             Began as a Spriggan Enchanter on Feb 4, 2021.
             Was the Champion of Ru.
             Mangled by a death cob (19 damage)
             ... while paralysed
             ... on level 5 of the Depths on Feb 6, 2021.
             The game lasted 03:30:29 (85692 turns).

sanka the Ninja (Spriggan Enchanter)               Turns: 85692, Time: 03:30:30

Health: -7/126     AC: 15    Str:  4    XL:     23   Next: 80%
Magic:  0/38       EV:  4    Int: 19    God:    Ru [******]
Gold:   6705       SH:  0    Dex: 29    Spells: 4/42 levels left

rFire    . . .     SeeInvis +   a - +7 Spriggan's Knife {stab, EV+4 Stlth+}
rCold    . . .     Faith    .   (shield unavailable)
rNeg     . . .     Spirit   +   V - +5 steam dragon scales
rPois    .         Reflect  .   P - +2 hat
rElec    +         Harm     .   N - +2 cloak {Will+}
rCorr    .         Rampage  .   (gloves unavailable)
Will     +++++                  (boots unavailable) Stlth *+++++++++
                                w - amulet of guardian spirit
HPRegen  0.31/turn              (ring unavailable)
MPRegen  0.26/turn              R - ring of Yredelemnul's Hope {rElec Dex+6}

@: paralysed, berserk cooldown, slowed, very quick
A: very small, unfitting armour, see invisible, speed 3, missing a hand,
inability to use devices, unskilled 1
}: 3/15 runes: decaying, silver, gossamer
a: Renounce Religion, Draw Out Power, Power Leap, Apocalypse


You were on level 5 of the Depths.
You worshipped Ru.
Ru was exalted by your worship.
You visited 9 branches of the dungeon, and saw 43 of its levels.
You also visited: Trove, Ossuary, Ice Cave and Desolation.

You collected 8724 gold pieces.
You spent 2019 gold pieces at shops.


Innate Abilities, Weirdness & Mutations

You are very small and have problems with some larger weapons.
You are too small for most types of armour.
You have supernaturally acute eyesight. (SInv)
You cover ground extremely quickly.
You are missing a hand.
You cannot study or use magical devices.
You are somewhat unskilled. (-1 Apt)


   Skills:
 + Level 15.0 Fighting
 - Level 10.0 Short Blades
 + Level 24.0 Dodging
 O Level 27 Stealth
 - Level 10.0 Spellcasting
 - Level 4.0 Conjurations
 - Level 20.0 Hexes
 - Level 5.0 Summonings
 - Level 4.0 Translocations
 - Level 4.0 Air Magic


You had 4 spell levels left.
You knew the following spells:

 Your Spells              Type           Power        Failure   Level
b - Blink                 Tloc           N/A          2%          2
c - Tukima's Dance        Hex            71%          0%          3
u - Discord               Hex            35%          13%         8
v - Summon Mana Viper     Hex/Summ       54%          1%          5
x - Ensorcelled Hibernat  Hex/Ice        94%          1%          2
y - Dazzling Flash        Conj/Hex       100%         1%          3
z - Confusing Touch       Hex            71%          0%          3
G - Silence               Hex/Air        26%          1%          5
N - Passwall              Tmut/Erth      7%           11%         2
Q - Cause Fear            Hex            35%          1%          4
Z - Corona                Hex            78%          0%          1

Your spell library contained the following spells:

 Spells                   Type           Power        Failure   Level
 Slow                     Hex            71%          0%          2
 Apportation              Tloc           48%          1%          1
 Magic Dart               Conj           96%          1%          1
 Summon Small Mammal      Summ           100%         1%          1
 Call Imp                 Summ           28%          1%          2
 Inner Flame              Hex/Fire       47%          1%          3
 Portal Projectile        Hex/Tloc       100%         1%          3
 Summon Guardian Golem    Hex/Summ       54%          1%          3
 Leda's Liquefaction      Hex/Erth       23%          1%          4
 Foxfire                  Conj/Fire      68%          3%          1
 Poisonous Vapours        Pois/Air       34%          4%          2
 Gell's Gravitas          Tloc           12%          4%          3
 Animate Skeleton         Necr           18%          8%          1
 Freeze                   Ice            36%          8%          1
 Pain                     Necr           36%          8%          1
 Sandblast                Erth           18%          8%          1
 Sting                    Tmut/Pois      36%          8%          1
 Mephitic Cloud           Conj/Pois/Air  19%          8%          3
 Conjure Flame            Conj/Fire      17%          10%         3
 Stone Arrow              Conj/Erth      34%          10%         3
 Sublimation of Blood     Necr           4%           11%         2
 Frozen Ramparts          Ice            18%          22%         3
 Ignite Poison            Fire/Tmut/Pois 9%           22%         3
 Ozocubu's Armour         Ice            9%           22%         3
 Vampiric Draining        Necr           4%           22%         3
 Animate Armour           Summ/Erth      38%          26%         4
 Summon Ice Beast         Ice/Summ       19%          26%         4
 Hailstorm                Conj/Ice       17%          32%         4
 Sticky Flame             Conj/Fire      17%          32%         4
 Animate Dead             Necr           4%           58%         4
 Ice Form                 Ice/Tmut       9%           58%         4
 Olgreb's Toxic Radiance  Pois           9%           58%         4
 Petrify                  Tmut/Erth      9%           58%         4
 Metabolic Englaciation   Hex/Ice        23%          3%          5
 Yara's Violent Unravell  Hex/Tmut       23%          3%          5
 Iskenderun's Battlesphe  Conj           24%          36%         5
 Fireball                 Conj/Fire      8%           65%         5
 Bolt of Magma            Conj/Fire/Erth 7%           77%         5
 Agony                    Necr           9%           90%         5
 Alistair's Intoxication  Tmut/Pois      6%           90%         5
 Lee's Rapid Deconstruct  Erth           4%           90%         5
 Dispersal                Tloc           12%          91%         6
 Freezing Cloud           Conj/Ice/Air   9%           98%         6
 Iron Shot                Conj/Erth      8%           99%         6
 Starburst                Conj/Fire      8%           99%         6
 Death Channel            Necr           4%           100%        6
 Eringya's Noxious Bog    Tmut/Pois      4%           100%        6
 Simulacrum               Ice/Necr       4%           100%        6
 Statue Form              Tmut/Erth      6%           100%        6
 Orb of Destruction       Conj           12%          100%        7
 Ozocubu's Refrigeration  Ice            4%           100%        7
 Spellforged Servitor     Conj/Summ      13%          100%        7
 Borgnjor's Revivificati  Necr           4%           100%        8
 Disjunction              Tloc           12%          100%        8
 Ignition                 Fire           4%           100%        8
 Infestation              Necr           4%           100%        8
 Necromutation            Tmut/Necr      4%           100%        8
 Death's Door             Necr           4%           100%        9
 Shatter                  Erth           4%           100%        9

Inventory:

Hand Weapons
 a - the +7 Spriggan's Knife (weapon) {stab, EV+4 Stlth+}

   It affects your evasion (+4).
   It makes you more stealthy.
 b - a +2 demon whip of electrocution
 c - a +5 vorpal quick blade
Missiles
 f - 22 curare-tipped darts {=f}
Armour
 k - a +2 robe of resistance
 N - a +2 cloak of willpower (worn)
 P - a +2 hat (worn)
 V - +5 steam dragon scales (worn)
Jewellery
 j - the amulet "Bummer" {Acrobat Str+4 Slay+4}

   [amulet of the acrobat]

   It helps you evade while moving and waiting.
   It affects your strength (+4).
   It affects your accuracy and damage with ranged weapons and melee attacks
   (+4).
 l - an uncursed ring of poison resistance
 o - an uncursed amulet of regeneration
 q - the ring "Edauc" {*Slow AC+4 Str+6 Int+8}

   [ring of protection]

   It affects your AC (+4).
   It affects your strength (+6).
   It affects your intelligence (+8).
   It may slow you when you take damage.
 s - a +4 ring of slaying
 w - an amulet of guardian spirit (around neck)
 C - a +4 ring of protection
 Q - an uncursed ring of fire
 R - the ring of Yredelemnul's Hope (right hand) {rElec Dex+6}

   [ring of dexterity]

   It affects your dexterity (+6).
   It insulates you from electricity.
 S - an uncursed ring of protection from cold
Scrolls
 g - 23 scrolls of teleportation {@r4}
 h - 22 scrolls of remove curse
 i - a scroll of holy word
 m - 6 scrolls of magic mapping
 p - 6 scrolls of enchant armour
 r - 13 scrolls of identify {@r1}
 t - 8 scrolls of fear
 u - 6 scrolls of blinking
 y - 8 scrolls of amnesia
 A - 5 scrolls of fog
 B - 4 scrolls of immolation {!r}
 I - 4 scrolls of vulnerability {!r}
 L - 3 scrolls of enchant weapon
 O - 3 scrolls of summoning
 T - 4 scrolls of silence {!r}
Potions
 d - 3 potions of haste {@q3}
 e - 17 potions of curing {@q1}
 n - 7 potions of attraction {!q}
 v - 8 potions of berserk rage {!q}
 x - 6 potions of brilliance
 z - 7 potions of lignification {!q}
 D - a potion of magic
 E - 5 potions of invisibility
 F - 8 potions of heal wounds {@q2}
 G - 7 potions of might
 J - 5 potions of flight
 K - 4 potions of mutation {!q}
 M - 7 potions of cancellation
 U - 2 potions of resistance
 X - 4 potions of ambrosia

Dungeon Overview and Level Annotations

Branches:
Dungeon (15/15)            Temple (1/1) D:4            Lair (6/6) D:8
  Swamp (4/4) Lair:4       Spider (4/4) Lair:4        Slime (0/5) Lair:5
    Orc (2/2) D:11            Elf (0/3) Orc:2        Vaults (5/5) D:13
  Crypt (0/3) Vaults:3     Depths (5/5) D:15            Zot (1/5) Depths:5
Ossuary (visited)           IceCv (visited)         Desolation (visited)

Altars:
Ashenzari
Cheibriados
Dithmenos
Elyvilon
Fedhas
Gozag
Hepliaklqana
Kikubaaqudgha
Makhleb
Nemelex Xobeh
Okawaru
Qazlal
Ru
Sif Muna
Trog
Uskayaw
Vehumet
Wu Jian
Xom
Yredelemnul
Zin
The Shining One
Beogh
Jiyva

Shops:
D:4 [(*   D:5 [*:*   D:9 ![**   D:10 [   Orc:2 (*=[?:   Vaults:1 *   Vaults:3 *
Vaults:4 [   Depths:2 *

Portals:
Hell: Depths:1 Depths:2 Depths:3 Depths:4 Depths:5
Abyss: Depths:4
Pandemonium: Depths:2 Depths:3
Ziggurat: Depths:1

Annotations:
Spider:4 exclusion: 3 doors

.................................
...............⌠.................
.....▒▒./(.......................
.....▒▒▒▒.............▒▒.........
.....▒▒▒▒▒...........▒▒..........
.........▒▒..p......▒▒...........
..........▒▒.......▒▒............
...........▒▒▒.y.▒▒▒▒............
...........▒▒..zi.▒▒▒............
...........▒▒..∩z.▒▒.............
...........▒▒.....▒▒)............
▒▒▒........▒▒▒...▒▒▒.....▒▒▒▒▒▒▒▒
▒▒▒........▒▒▒▒▒▒▒▒▒.....▒▒▒▒▒▒▒▒
............▒▒▒▒▒▒▒..............
..........(......................
..........▒▒▒▒▒▒▒▒▒▒▒▒▒▒▒..▒▒▒▒▒▒
..........▒ ▒..▒


You could see a Killer Klown, 2 death cobs and a moth of wrath.


Message History

You puncture the Killer Klown!
The Killer Klown is moderately wounded.
The death cob completely misses you. The death cob completely misses you.
The moth of wrath completely misses you.
The Killer Klown blinks!
Unknown command.
You are no longer berserk.
You pass out from exhaustion.
You feel as though you will be slow longer.
The death cob barely misses you. The death cob hits you!
* * * LOW HITPOINT WARNING * * *
The death cob hits you.
* * * LOW HITPOINT WARNING * * *
The death cob drains your vigour!
You feel as though you will be slow longer.
You focus your inner power and blind the death cob in retribution!
The death cob hits you!
* * * LOW HITPOINT WARNING * * *
The death cob hits you. The death cob drains your vigour!
You feel as though you will be slow longer.
The death cob hits you but does no damage.
The death cob hits you!!
* * * LOW HITPOINT WARNING * * *
The moth of wrath bites you!
* * * LOW HITPOINT WARNING * * *
The death cob hits you!!
You die...

Action                   |  1- 3 |  4- 6 |  7- 9 | 10-12 | 13-15 | 16-18 | 19-21 | 22-24 || total
-------------------------+-------+-------+-------+-------+-------+-------+-------+-------++-------
Melee: Dagger            |    55 |    51 |   219 |   417 |  1099 |  1448 |   868 |       ||  4157
       Knife             |       |       |       |       |       |       |  1107 |  1228 ||  2335
 Cast: Corona            |     2 |       |       |       |       |       |       |       ||     2
       Ensorcelled Hiber |    44 |    29 |    80 |   123 |   237 |   430 |   139 |    43 ||  1125
       Confusing Touch   |       |     2 |     8 |    41 |    66 |    75 |   132 |   156 ||   480
       Dazzling Flash    |       |       |       |       |    94 |    59 |    18 |       ||   171
       Tukima's Dance    |       |       |       |       |       |     2 |       |       ||     2
       Summon Mana Viper |       |       |       |       |       |       |    30 |    28 ||    58
       Cause Fear        |       |       |       |       |       |       |     5 |     2 ||     7
Invok: Sacrifice Skill   |       |       |     1 |       |       |       |       |       ||     1
       Reject Sacrifices |       |       |       |     1 |     2 |       |       |       ||     3
       Sacrifice a Hand  |       |       |       |     1 |       |       |       |       ||     1
       Sacrifice Artific |       |       |       |       |     1 |       |       |       ||     1
       Apocalypse        |       |       |       |       |       |     3 |     4 |     2 ||     9
       Power Leap        |       |       |       |       |       |       |     2 |       ||     2
Evoke: Wand              |       |       |    10 |       |    21 |       |       |       ||    31
  Use: Potion            |     4 |       |       |     1 |       |     8 |       |     1 ||    14
       Scroll            |     2 |     3 |     4 |    16 |    11 |       |     4 |     2 ||    42
 Stab: Sleeping          |    27 |    28 |    67 |   132 |   183 |   256 |   322 |   293 ||  1308
       Confused          |       |     2 |     8 |    43 |    66 |    88 |    25 |       ||   232
       Distracted        |       |     2 |     1 |     9 |     9 |    21 |    25 |       ||    67
       Invisible         |       |       |       |       |   103 |    61 |    24 |       ||   188
       Paralysed         |       |       |       |       |     3 |     4 |     5 |       ||    12
       Held in net/web   |       |       |       |       |       |     1 |       |       ||     1
Armor: Robe              |     1 |     4 |    24 |    28 |    40 |       |       |       ||    97
       Steam dragon scal |       |       |       |       |    27 |   162 |    70 |    86 ||   345
Dodge: Dodged            |    52 |    16 |   135 |   262 |  1128 |  1679 |  1608 |  1837 ||  6717

Levels and vault maps discovered:
D:1:      heliophobic_arrival_enchanted_forest, layout_loops_corners
D:2:      layout_rooms, minivault_25
D:3:      layout_basic, serial_bayou_pond_e, uniq_natasha
D:4:      layout_basic, minmay_temple_entry_enclosed_plants, serial_shops, shop,
          shop_fountains, shop_fountains, uniq_duvessa, uniq_edmund,
          uniq_sigmund
D:5:      cheibrodos_two_vegetables, layout_cave_pools, serial_shops, shop,
          shop, shop_coins, nicolae_shop_crystal, basic_altar, uniq_ijyb
D:6:      layout_loops_ring, hellmonk_ghost_happy_afterlife
D:7:      layout_basic, item_on_display_a
D:8:      layout_rooms, tgw_trog, david_lair_generic, enter_ossuary_4
D:9:      layout_irregular_city, serial_shops, shop, shop, shop,
          nicolae_shop_stone
D:10:     layout_basic, serial_co_window_serial, co_window_of_opportunity_a,
          co_window_paths_a, co_window_corner_a, co_window_cross_1,
          co_window_cross_1, co_window_paths_a, co_window_of_opportunity_a,
          co_window_unsneaky_path_a, co_window_paths_c, co_window_2corner,
          co_window_broadway_b, co_window_broadway_c, co_window_paths_e,
          serial_shops, nicolae_shop_statue_plus, enter_trove_2
D:11:     kennysheep_blocky_room, layout_irregular_city, orc_0_dummy
D:12:     layout_layer_cave, uniq_rupert
D:13:     layout_gridville, hangedman_vaults_entry_quadrant_bands, uniq_sonja,
          uniq_josephine
D:14:     layout_loops_ring, uniq_snorg
D:15:     gammafunk_enter_depths_forms, layout_stronghold, tgw_sif,
          portal_ice_cave_entry_pillars_1, minmay_gold_behind_fungi,
          minmay_three_doors
Temple:   regret_index_temple_sigil_plot
Lair:1:   layout_regular_city, basic_altar, uniq_gastronok
Lair:2:   layout_roguey, grunt_megastairs_4, uniq_urug
Lair:3:   dpeg_oklob_gauntlet, layout_loops_ring
Lair:4:   layout_cave_pods, palyth_hydra_swamp_entry,
          nicolae_spider_entry_orb_guardian, serial_bayou_shore_b
Lair:5:   layout_hall_layers, slime_altar_1, basic_altar,
          nicolae_lair_grove_arrangements
Lair:6:   evilmike_catoblepas_cave, layout_loops_ring, amcnicky_altar_gilded,
          grunt_megastairs_3, lemuel_fruit_fields
Swamp:1:  layout_basic_swamp, evilmike_swamp_ruin_rubble_2,
          infiniplex_staircase_pool
Swamp:2:  layout_basic_swamp, hangedman_swamp_ruin_hall
Swamp:3:  nzn_winding_woodlands_small [nzn_winding_woodlands_5x15_split_checker,
          nzn_winding_woodlands_center_pierced_h,
          nzn_winding_woodlands_5x15_crooked], layout_basic_swamp,
          evilmike_swamp_ruin_house_1, swamp_pool3, uniq_jorgrun
Swamp:4:  swamp, layout_basic_swamp, swamp_pool4, infiniplex_staircase_pool_2,
          uniq_nikola
Spider:1: layout_spider_delve
Spider:2: layout_spider_delve
Spider:3: lemuel_spider_zombies
Spider:4: johnstein_spider_rune_arachne_lair
Orc:1:    layout_caves
Orc:2:    grunt_orc_cross, layout_caves, serial_shops, shop, nicolae_shop_stone,
          basic_altar, uniq_saint_roka, uniq_nessos
Vaults:1: nicolae_vaults_network_s, st_lattice, vaults_room_large_hall,
          v_alt_pattern_2, nicolae_vaults_hallways_thing,
          nicolae_vaults_rhombus_7, vaults_dpeg_hooks, v_alt_pattern_5,
          ontoclasm_vaults_idyll, hangedman_vaults_capsules,
          hangedman_vaults_trim, nicolae_vaults_theta,
          ontoclasm_vaults_ring_small, ontoclasm_vaults_idyll, v_alt_pattern_2,
          nicolae_vaults_little_squares_1, layout_vaults_maze_bifur,
          serial_shops, shop
Vaults:2: v_misc_11, ontoclasm_vaults_pinch, v_misc_5,
          ontoclasm_vaults_ring_small, nicolae_vaults_what_the_h, v_misc_28,
          layout_vaults_quadrants
Vaults:3: v_misc_27, v_pattern_4, nicolae_vaults_network_star,
          gammafunk_sealed_arena, v_misc_5, v_misc_17, v_misc_15, v_misc_25,
          hangedman_vaults_stretched_pinwheel, vaults_room_corners,
          layout_vaults_ring, serial_shops,
          nicolae_shop_temple_entry_statues_fountains
Vaults:4: v_misc_29, nicolae_vaults_network_periphery,
          vaults_standard_mumra_enter_the_diamond, ontoclasm_vaults_bender,
          nicolae_vaults_rhombus_5, vaults_dpeg_diagonal,
          vaults_room_fancy_cross, vaults_room_door_hall,
          nicolae_vaults_shelves_hall, v_alt_pattern_2, nicolae_vaults_asterisk,
          ontoclasm_vaults_claustrophobia, vaults_mumra_chevron,
          layout_vaults_omnicross, serial_shops, shop,
          portal_desolation_entry_salt
Vaults:5: serial_shops, uniq_margery
Depths:1: layout_gridlike, ziggurat_fallback, hangedman_abyss_or_decor_slice,
          grunt_hell_entry_demonic_statue, minmay_misc_feat_tiny,
          kennysheep_generic_room_12, uniq_enchantress
Depths:2: minmay_containers, layout_basic, rand_demon_pan_entry_3,
          pf_coc_iceberg, guppyfry_shop_venom, kennysheep_random_hallway
Depths:3: minmay_ambush_box, layout_long_grid, grunt_hell_entry_dis_mu,
          grunt_pan_entry_in_and_out, serial_bayou_shore_a
Depths:4: dpeg_oklob_shooting_range, layout_cave_pools, hellmouth_1, abyss_entry
Depths:5: grunt_zot_entry_alcove, layout_long_grid, hell_entry,
          evilmike_ruin_ashenzari, doesnt_xom_only_xom
Zot:1:    ebering_klown_carousel, layout_basic, st_stairs_11

Notes
Turn   | Place    | Note
-------+----------+-------------------------------------------
     0 | D:1      | sanka the Spriggan Enchanter began the quest for the Orb.
     0 | D:1      | Reached XP level 1. HP: 9/9 MP: 5/5
   243 | D:1      | Reached skill level 5 in Stealth
   243 | D:1      | Reached XP level 2. HP: 13/13 MP: 6/6
   890 | D:1      | Learned a level 2 spell: Ensorcelled Hibernation
  1380 | D:2      | Reached skill level 6 in Stealth
  1544 | D:2      | HP: 1/13 [poisoned by an adder]
  1696 | D:2      | Reached XP level 3. HP: 11/16 MP: 5/8
  1794 | D:2      | Learned a level 3 spell: Confusing Touch
  1953 | D:2      | Reached skill level 7 in Stealth
  2920 | D:3      | Reached XP level 4. HP: 21/21 MP: 2/9
  3528 | D:3      | Noticed Natasha
  3532 | D:3      | Killed Natasha
  3533 | D:3      | Reached skill level 8 in Stealth
  3533 | D:3      | Reached skill level 2 in Short Blades
  3756 | D:3      | Reached XP level 5. HP: 24/24 MP: 10/10
  3942 | D:5      | Entered Level 5 of the Dungeon
  3942 | D:5      | Found Wity's Book Emporium.
  3947 | D:5      | Found a sparkling altar of Nemelex Xobeh.
  3953 | D:5      | Noticed Ijyb
  3961 | D:5      | Killed Ijyb
  3962 | D:5      | Reached skill level 3 in Short Blades
  3986 | D:5      | Noticed a necrophage
  4007 | D:5      | Killed a necrophage
  4008 | D:5      | Reached skill level 4 in Short Blades
  4008 | D:5      | Reached XP level 6. HP: 24/28 MP: 7/11
  4010 | D:5      | Reached skill level 5 in Short Blades
  4078 | D:5      | Found Lapn's Assorted Antiques.
  4254 | D:5      | Reached skill level 3 in Spellcasting
  4398 | D:5      | Reached skill level 4 in Hexes
  4409 | D:5      | Reached skill level 5 in Hexes
  4719 | D:4      | Noticed Edmund
  4727 | D:4      | Killed Edmund
  4728 | D:4      | Reached skill level 6 in Hexes
  4728 | D:4      | Reached XP level 7. HP: 30/32 MP: 9/12
  4879 | D:4      | Reached skill level 7 in Hexes
  4912 | D:3      | Noticed Natasha
  4986 | D:3      | Killed Natasha
  5142 | D:3      | Noticed Natasha
  5145 | D:3      | Killed Natasha
  5302 | D:3      | Reached skill level 8 in Hexes
  5302 | D:3      | Reached skill level 3 in Dodging
  5458 | D:4      | Reached skill level 1 in Fighting
  5603 | D:4      | Found Couxacai's Antique Weapon Shoppe.
  5604 | D:4      | Noticed Sigmund
  5612 | D:4      | Killed Sigmund
  5613 | D:4      | Reached skill level 2 in Fighting
  5613 | D:4      | Reached skill level 4 in Dodging
  5613 | D:4      | Reached XP level 8. HP: 39/39 MP: 8/13
  5640 | D:4      | Reached skill level 5 in Dodging
  5751 | D:4      | Found Ysodat's Antique Armour Boutique.
  5755 | D:4      | Noticed Duvessa
  5756 | D:4      | Noticed Dowan
  5760 | D:4      | Killed Duvessa
  5763 | D:4      | Killed Dowan
  5895 | D:4      | Found Pufaicosche's Assorted Antiques.
  6011 | D:4      | Found a staircase to the Ecumenical Temple.
  6051 | D:4      | Reached skill level 3 in Fighting
  6088 | Temple   | Entered the Ecumenical Temple
  6366 | Temple   | Became a worshipper of Ru the Awakened
  6461 | D:5      | Reached skill level 6 in Dodging
  6567 | D:5      | Found Ezeneux's General Store.
  6588 | D:5      | Found Jucleg's Antique Armour Boutique.
  6693 | D:5      | Reached skill level 7 in Dodging
  6982 | D:5      | Reached skill level 8 in Dodging
  7192 | D:5      | Bought a runed robe for 114 gold pieces
  7211 | D:5      | Bought a scroll of blinking for 112 gold pieces
  7211 | D:5      | Bought a scroll of fear for 52 gold pieces
  7237 | D:6      | Got a transparent falchion
  7238 | D:6      | Identified the +4 falchion of Cheibriados {flame, rC+
                  | Dex+3} (You found it on level 6 of the Dungeon)
  7735 | D:6      | Noticed psychodelta's ghost (novice MiFi)
  7738 | D:6      | Found a runed translucent door.
  8384 | D:6      | Reached skill level 9 in Stealth
  8844 | D:6      | Killed psychodelta's ghost
  8845 | D:6      | Reached skill level 6 in Short Blades
  8845 | D:6      | Reached skill level 10 in Stealth
  8845 | D:6      | Reached XP level 9. HP: 29/44 MP: 6/14
  9092 | D:7      | Reached skill level 7 in Short Blades
  9526 | D:7      | Gained mutation: You are somewhat unskilled. (-1 Apt) [Ru
                  | sacrifice]
  9526 | D:7      | Reduced skill Fighting to level 2
  9526 | D:7      | Reduced skill Short Blades to level 6
  9526 | D:7      | Reduced skill Dodging to level 7
  9526 | D:7      | Reduced skill Spellcasting to level 2
  9526 | D:7      | Reduced skill Hexes to level 7
  9526 | D:7      | Reached * piety under Ru
  9526 | D:7      | Reached ** piety under Ru
  9863 | D:7      | Reached skill level 3 in Spellcasting
 10028 | D:7      | Learned a level 3 spell: Tukima's Dance
 10032 | D:7      | Learned a level 3 spell: Dazzling Flash
 10047 | D:8      | Reached skill level 3 in Fighting
 10090 | D:8      | Noticed an elephant
 10099 | D:7      | Reached skill level 7 in Short Blades
 10242 | D:8      | Reached skill level 8 in Dodging
 10313 | D:8      | Found a staircase to the Lair.
 10319 | D:8      | Reached skill level 8 in Hexes
 10553 | D:8      | Reached skill level 8 in Short Blades
 10553 | D:8      | Reached XP level 10. HP: 41/49 MP: 4/15
 10620 | D:8      | Found a sand-covered staircase.
 10706 | Ossuary  | Entered an ossuary
 11007 | Ossuary  | Reached skill level 11 in Stealth
 11291 | D:8      | Noticed a moth of wrath
 11294 | D:8      | Found a bloodstained altar of Trog.
 11435 | D:8      | Killed an elephant
 11436 | D:8      | Reached skill level 12 in Stealth
 12032 | D:8      | Got a faintly glowing dagger
 12033 | D:8      | Identified the +5 dagger "Wujisaops" {vorpal, Str+3 Dex+6}
                  | (You found it on level 8 of the Dungeon)
 12657 | D:9      | Found Siwosik's Antique Armour Shop.
 12663 | D:9      | Bought an embroidered cloak for 217 gold pieces
 12903 | D:9      | Identified a potion of resistance
 12905 | D:9      | Identified a potion of experience
 12906 | D:9      | Reached skill level 16 in Stealth
 12906 | D:9      | Reached XP level 11. HP: 52/52 MP: 17/17
 12936 | D:9      | Found Qiuqad Gije's Assorted Antiques.
 13002 | D:9      | Found Boebin's Assorted Antiques.
 13139 | D:9      | Reached skill level 4 in Spellcasting
 13354 | D:9      | Found Xuinekui's Distillery.
 13399 | D:10     | Entered Level 10 of the Dungeon
 13825 | D:10     | Noticed an unseen horror
 13829 | D:10     | Killed an unseen horror
 13885 | D:10     | Found a portal to a secret trove of treasure.
 14180 | D:10     | Found Mico's Armour Boutique.
 14975 | D:11     | Noticed a purple ugly thing
 14979 | D:11     | Reached skill level 9 in Dodging
 14989 | D:11     | Killed a purple ugly thing
 14990 | D:11     | Reached skill level 4 in Fighting
 14990 | D:11     | Reached XP level 12. HP: 58/58 MP: 20/20
 15120 | D:11     | Reached skill level 9 in Hexes
 15303 | D:11     | Reached skill level 5 in Spellcasting
 15720 | D:11     | Reached skill level 9 in Short Blades
 15941 | D:11     | Noticed an eight-headed hydra
 15956 | D:11     | Killed an eight-headed hydra
 16075 | D:11     | Found a staircase to the Orcish Mines.
 16288 | Lair:1   | Entered Level 1 of the Lair of Beasts
 16569 | Lair:2   | Noticed a seven-headed hydra
 16605 | Lair:2   | Killed a seven-headed hydra
 16606 | Lair:2   | Reached skill level 10 in Dodging
 16606 | Lair:2   | Reached skill level 6 in Spellcasting
 16744 | Lair:2   | Noticed Urug
 16755 | Lair:2   | Killed Urug
 16756 | Lair:2   | Reached skill level 5 in Fighting
 16807 | Lair:2   | Noticed a six-headed hydra
 16812 | Lair:2   | Killed a six-headed hydra
 16852 | Lair:2   | Gained mutation: You are missing a hand. [Ru sacrifice]
 16852 | Lair:2   | Reached *** piety under Ru
 16852 | Lair:2   | Reached **** piety under Ru
 16914 | Lair:2   | Reached skill level 10 in Hexes
 17625 | Lair:3   | Reached skill level 10 in Short Blades
 17661 | Lair:3   | Reached skill level 11 in Dodging
 18277 | Lair:5   | Found a sparkling altar of Nemelex Xobeh.
 18382 | Lair:5   | Reached skill level 6 in Fighting
 18382 | Lair:5   | Reached XP level 13. HP: 65/65 MP: 11/23
 18716 | Lair:4   | Got a bloodstained hunting sling
 18717 | Lair:4   | Identified the +10 hunting sling of Tartarus {venom, rC-
                  | rN+++ Str+3} (You found it on level 4 of the Lair of
                  | Beasts)
 18764 | Lair:4   | Reached skill level 12 in Dodging
 19823 | Lair:4   | Reached skill level 17 in Stealth
 20149 | Lair:4   | Found a staircase to the Swamp.
 20374 | Lair:4   | Found a hole to the Spider Nest.
 20891 | Lair:1   | Found a shadowy altar of Dithmenos.
 21207 | Lair:1   | Reached skill level 7 in Fighting
 21357 | Lair:1   | Reached skill level 13 in Dodging
 21478 | Lair:1   | Noticed Gastronok
 21485 | Lair:1   | Killed Gastronok
 21875 | D:9      | Bought a flickering golden ring for 140 gold pieces
 21876 | D:9      | Identified the ring of Puokeunt {Str+6 Dex+2} (You bought
                  | it in a shop on level 9 of the Dungeon)
 22533 | Lair:5   | Found a viscous altar of Jiyva.
 22533 | Lair:5   | Found a staircase to the Slime Pits.
 22725 | Lair:6   | Entered Level 6 of the Lair of Beasts
 23293 | Lair:6   | Reached skill level 18 in Stealth
 23310 | Lair:6   | Reached XP level 14. HP: 72/72 MP: 18/24
 24185 | Lair:6   | Reached skill level 8 in Fighting
 24185 | Lair:6   | Reached skill level 14 in Dodging
 25346 | Lair:6   | Found a stormy altar of Qazlal.
 25806 | Lair:6   | Reached skill level 19 in Stealth
 26359 | Lair:6   | Reached skill level 15 in Dodging
 26623 | Lair:6   | Found a stormy altar of Qazlal.
 27089 | Lair:6   | Got an iridescent flail
 27090 | Lair:6   | Identified the +4 flail of the Mouth {antimagic, rC- Int+6
                  | Dex+3 SInv} (You found it on level 6 of the Lair of Beasts)
 27354 | Orc:1    | Entered Level 1 of the Orcish Mines
 27357 | Orc:1    | Reached skill level 9 in Fighting
 28190 | Orc:2    | Entered Level 2 of the Orcish Mines
 28190 | Orc:2    | Noticed Saint Roka
 28191 | Orc:2    | Killed Saint Roka
 28243 | Orc:2    | Reached XP level 15. HP: 65/79 MP: 13/25
 28400 | Orc:2    | Found Zeesati Toimn's Magic Scroll Shoppe.
 28403 | Orc:2    | Found Gast's Book Boutique.
 28408 | Orc:2    | Found a staircase to the Elven Halls.
 28424 | Orc:2    | Noticed Nessos
 28436 | Orc:2    | Killed Nessos
 28437 | Orc:2    | Found a roughly hewn altar of Beogh.
 28511 | Orc:1    | Reached skill level 20 in Stealth
 28609 | Orc:2    | Noticed an orc warlord
 29060 | Orc:1    | Killed an orc warlord
 29622 | Orc:2    | Found a roughly hewn altar of Beogh.
 29676 | Orc:2    | Found Jatuegof's Antique Armour Shoppe.
 29698 | Orc:2    | Found Fegemmiu's Jewellery Shoppe.
 29750 | Orc:2    | Found Kekewom's General Store.
 29855 | Orc:2    | Found Wasosm's Antique Weapon Shoppe.
 30499 | D:12     | Identified +0 steam dragon scales
 30565 | D:12     | Reached skill level 10 in Fighting
 31470 | D:12     | Noticed Rupert
 31477 | D:12     | Killed Rupert
 31478 | D:12     | Reached skill level 21 in Stealth
 31892 | D:13     | Noticed Sonja
 31900 | D:13     | Killed Sonja
 32145 | D:13     | Noticed Josephine
 32166 | D:13     | Killed Josephine
 32504 | D:13     | Reached skill level 22 in Stealth
 33176 | D:13     | Found a gate to the Vaults.
 33690 | D:14     | Noticed Snorg
 33703 | D:14     | Killed Snorg
 34638 | D:15     | Entered Level 15 of the Dungeon
 34989 | D:15     | Reached skill level 23 in Stealth
 35097 | D:15     | Found a frozen archway.
 35122 | IceCv    | Entered an ice cave
 35540 | IceCv    | Gained mutation: You cannot study or use magical devices.
                  | [Ru sacrifice]
 35540 | IceCv    | Reached ***** piety under Ru
 35540 | IceCv    | Reached ****** piety under Ru
 35552 | IceCv    | Reached XP level 16. HP: 85/85 MP: 26/26
 35554 | IceCv    | Identified +0 ice dragon scales
 36256 | D:15     | Learned a level 4 spell: Cause Fear
 36262 | D:15     | Learned a level 5 spell: Silence
 36333 | D:15     | Found a shimmering blue altar of Sif Muna.
 36921 | D:15     | Reached skill level 24 in Stealth
 36928 | D:15     | Found a staircase to the Depths.
 37474 | Spider:1 | Entered Level 1 of the Spider Nest
 39178 | Spider:1 | Reached skill level 25 in Stealth
 40969 | Spider:2 | Got a slimy copper ring
 41603 | Spider:3 | Reached skill level 26 in Stealth
 43382 | Spider:3 | Reached XP level 17. HP: 89/89 MP: 27/27
 44280 | Spider:4 | Entered Level 4 of the Spider Nest
 44285 | Spider:4 | Reached skill level 27 in Stealth
 44725 | Spider:4 | Reached skill level 1 in Air Magic
 44845 | Spider:4 | Reached skill level 1 in Conjurations
 45302 | Spider:4 | Noticed Arachne
 45339 | Spider:4 | Killed Arachne
 45340 | Spider:4 | Reached skill level 2 in Air Magic
 45355 | Spider:4 | Reached skill level 2 in Conjurations
 45840 | Spider:4 | Reached skill level 3 in Air Magic
 45847 | Spider:4 | Reached skill level 11 in Hexes
 46301 | Spider:4 | Reached skill level 3 in Conjurations
 46524 | Spider:4 | Reached skill level 4 in Air Magic
 46548 | Spider:4 | Identified the ring "Fasai" {Int+3 Slay+3 Stlth-} (You
                  | found it on level 2 of the Spider Nest)
 46768 | Spider:4 | Got a gossamer rune of Zot
 47161 | Vaults:1 | Entered Level 1 of the Vaults
 47197 | Vaults:1 | Found Munk's Assorted Antiques.
 47452 | Vaults:1 | Reached skill level 4 in Conjurations
 47663 | Vaults:1 | Reached skill level 12 in Hexes
 48616 | Vaults:1 | Reached skill level 13 in Hexes
 48907 | Vaults:1 | Reached XP level 18. HP: 77/93 MP: 13/28
 49489 | Vaults:1 | Identified +0 acid dragon scales
 49643 | Vaults:1 | Bought a metal-bound book for 555 gold pieces
 49756 | Vaults:1 | Reached skill level 14 in Hexes
 50089 | Vaults:2 | Learned a level 2 spell: Passwall
 50815 | Vaults:2 | Reached skill level 15 in Hexes
 51285 | Vaults:2 | Got a translucent long sword
 51286 | Vaults:2 | Identified the +1 long sword "Hacleaf" {freeze, *Noise rF+
                  | rC+} (You found it on level 2 of the Vaults)
 51720 | Vaults:2 | Reached skill level 16 in Dodging
 53344 | Vaults:3 | Reached skill level 17 in Dodging
 54325 | Vaults:3 | Reached skill level 18 in Dodging
 54340 | Vaults:3 | Reached XP level 19. HP: 45/88 MP: 19/29
 54630 | Vaults:3 | Found a staircase to the Crypt.
 54876 | Vaults:3 | Found Biogen's Assorted Antiques.
 54886 | Vaults:3 | Bought a bound turquoise ring for 215 gold pieces
 54887 | Vaults:3 | Identified the ring of Ethics {rElec rN+ Str-3 Int+8} (You
                  | bought it in a shop on level 3 of the Vaults)
 55096 | Vaults:3 | Found a transporter.
 55108 | Vaults:3 | Found a transporter.
 55236 | Vaults:3 | Got a shimmering glass ring
 55238 | Vaults:3 | Identified the ring of Yredelemnul's Hope {rElec Dex+6}
                  | (You found it on level 3 of the Vaults)
 55407 | Vaults:4 | Reached skill level 19 in Dodging
 55500 | Vaults:4 | Found Qeufipt's Antique Armour Shoppe.
 55564 | Vaults:4 | Bought a runed scarf for 184 gold pieces
 55643 | Vaults:4 | Found a ruined gateway.
 55677 | Desolati | Entered the Desolation of Salt
 55817 | Desolati | Identified a +2 robe of the Archmagi
 55818 | Desolati | Found the +8 longbow "Zephyr" {speed, Dex+3 SInv}
 56220 | Desolati | Identified Koepefu's Papyrus of Dark Rituals and Poisoning
 56859 | Desolati | Reached skill level 20 in Dodging
 57258 | Desolati | Identified the Catalogue of Beguiling and Ice
 57266 | Desolati | Learned a level 5 spell: Summon Mana Viper
 57267 | Desolati | Got a pitted golden ring
 57420 | Desolati | Reached skill level 1 in Summonings
 57924 | Desolati | Reached skill level 2 in Summonings
 58654 | Desolati | Reached skill level 3 in Summonings
 59479 | Vaults:4 | Identified the ring "Xoicor" {+Fly rElec Str+4} (You found
                  | it in the Desolation of Salt)
 59644 | Vaults:4 | Reached skill level 4 in Summonings
 60189 | Vaults:4 | Reached skill level 5 in Summonings
 60743 | Vaults:4 | Identified a +2 robe of resistance
 61075 | Vaults:3 | Bought a potion of haste for 430 gold pieces
 61285 | D:10     | You paid a toll of 7 potions of haste to enter a treasure
                  | trove
 61286 | Trove    | Entered a treasure trove
 61292 | Trove    | Found the +7 Spriggan's Knife {stab, EV+4 Stlth+}
 61296 | Trove    | Got a pitted ruby amulet
 61298 | Trove    | Got a translucent steel amulet
 61300 | Trove    | Got a flickering copper ring
 61390 | Trove    | Identified the amulet of Tumuph {Acrobat rElec rPois rC-
                  | Int+3} (You found it in a treasure trove)
 61400 | Trove    | Identified the amulet "Bummer" {Acrobat Str+4 Slay+4} (You
                  | found it in a treasure trove)
 61401 | Trove    | Identified the ring "Ziorhuet" {Int+3 Dex-4 Stlth+} (You
                  | found it in a treasure trove)
 61421 | D:10     | Upgraded the game from 0.27-a0-262-gc50aac273e to
                  | 0.27-a0-277-g024f7ef292
 61584 | Depths:1 | Entered Level 1 of the Depths
 62316 | Depths:1 | Identified +0 ice dragon scales
 62322 | Depths:1 | Reached XP level 20. HP: 86/103 MP: 22/30
 62943 | Depths:1 | Found a gateway to Hell.
 63351 | Depths:1 | Noticed the Enchantress
 63353 | Depths:1 | Reached skill level 11 in Fighting
 63353 | Depths:1 | Reached skill level 21 in Dodging
 63359 | Depths:1 | Killed the Enchantress
 63663 | Depths:1 | Found a gateway to a ziggurat.
 64446 | Depths:2 | Found a one-way gate leading to the halls of Pandemonium.
 65090 | Depths:2 | Found Xojacaji's Serpentskin Sales.
 66059 | Depths:3 | Reached skill level 12 in Fighting
 66285 | Depths:3 | Reached skill level 22 in Dodging
 67609 | Depths:2 | Reached XP level 21. HP: 112/112 MP: 31/31
 68707 | Depths:4 | Found a one-way gate to the infinite horrors of the Abyss.
 69640 | Depths:4 | Reached skill level 13 in Fighting
 69968 | Depths:5 | Entered Level 5 of the Depths
 70015 | Depths:5 | Noticed a caustic shrike
 70015 | Depths:5 | Noticed a caustic shrike
 70016 | Depths:5 | Noticed a caustic shrike
 70017 | Depths:5 | Noticed a caustic shrike
 70029 | Depths:5 | Killed a caustic shrike
 70050 | Depths:5 | Noticed a caustic shrike
 70060 | Depths:5 | Killed a caustic shrike
 70061 | Depths:5 | Reached skill level 23 in Dodging
 70062 | Depths:5 | Killed a caustic shrike
 70065 | Depths:5 | Killed a caustic shrike
 70071 | Depths:5 | Killed a caustic shrike
 70305 | Depths:5 | Noticed a golden dragon
 71282 | Depths:5 | Killed a golden dragon
 71640 | Depths:5 | Identified +0 storm dragon scales
 71732 | Depths:5 | Found a gate to the Realm of Zot.
 72141 | Depths:5 | Found a broken altar of Ashenzari.
 72464 | Depths:5 | Found a blossoming altar of Fedhas.
 72467 | Depths:5 | Found a shimmering altar of Xom.
 72467 | Depths:5 | Found a hide-covered altar of Uskayaw.
 72469 | Depths:5 | Found a glowing silver altar of Zin.
 72469 | Depths:5 | Found an iron altar of Okawaru.
 72469 | Depths:5 | Found a broken altar of Ashenzari.
 72474 | Depths:5 | Reached XP level 22. HP: 119/119 MP: 32/32
 72992 | Swamp:1  | Entered Level 1 of the Swamp
 73945 | Swamp:2  | Reached skill level 14 in Fighting
 73972 | Swamp:2  | Reached skill level 16 in Hexes
 75121 | Swamp:2  | Reached skill level 24 in Dodging
 75542 | Swamp:3  | Noticed Jorgrun
 75544 | Swamp:3  | Killed Jorgrun
 76520 | Swamp:2  | Paralysed by a hornet for 3 turns
 76975 | Swamp:2  | Reached skill level 7 in Spellcasting
 77877 | Swamp:4  | Entered Level 4 of the Swamp
 77955 | Swamp:4  | Identified +0 swamp dragon scales
 78513 | Swamp:4  | Identified +0 swamp dragon scales
 78524 | Swamp:4  | Got a decaying rune of Zot
 78924 | Swamp:4  | Reached skill level 8 in Spellcasting
 79002 | Swamp:4  | Noticed the 27-headed Lernaean hydra
 79014 | Swamp:4  | Killed the 27-headed Lernaean hydra
 79918 | Swamp:4  | Noticed Nikola
 80078 | Swamp:4  | Killed Nikola
 80079 | Swamp:4  | Reached skill level 17 in Hexes
 80367 | Swamp:4  | Learned a level 8 spell: Discord
 80929 | Vaults:5 | Entered Level 5 of the Vaults
 81098 | Vaults:4 | Reached skill level 9 in Spellcasting
 81537 | Vaults:4 | Reached XP level 23. HP: 96/119 MP: 22/37
 82611 | Vaults:5 | Reached skill level 10 in Spellcasting
 82778 | Vaults:5 | Reached skill level 15 in Fighting
 82963 | Vaults:5 | Reached skill level 18 in Hexes
 82975 | Vaults:5 | Identified +0 shadow dragon scales
 83392 | Vaults:5 | Got a silver rune of Zot
 83648 | Vaults:5 | Identified the ring "Edauc" {*Slow AC+4 Str+6 Int+8}
 83699 | Vaults:5 | Reached skill level 19 in Hexes
 83706 | Vaults:5 | Noticed an ancient lich
 83723 | Vaults:5 | Killed an ancient lich
 84131 | Vaults:5 | Identified +0 storm dragon scales
 84131 | Vaults:5 | Noticed Margery
 84167 | Vaults:5 | Killed Margery
 84608 | Vaults:5 | Learned a level 2 spell: Blink
 84635 | Vaults:5 | Reached skill level 1 in Translocations
 84681 | Vaults:5 | Reached skill level 20 in Hexes
 84681 | Vaults:5 | Reached skill level 2 in Translocations
 84728 | Vaults:5 | Reached skill level 3 in Translocations
 84742 | Vaults:5 | Reached skill level 4 in Translocations
 85553 | Zot:1    | Entered Level 1 of the Realm of Zot
 85553 | Zot:1    | Noticed a dread lich
 85553 | Zot:1    | Noticed a Killer Klown
 85553 | Zot:1    | Noticed a Killer Klown
 85553 | Zot:1    | Noticed a Killer Klown
 85583 | Depths:5 | Killed a Killer Klown
 85691 | Depths:5 | HP: 12/126 [moth of wrath (12)]
 85692 | Depths:5 | Mangled by a death cob

Vanquished Creatures
  An ancient lich (Vaults:5)
  the Lernaean hydra (Swamp:4)
  Margery (Vaults:5)
  Saint Roka (Orc:2)
  A Killer Klown (Depths:5)
  A golden dragon (Depths:5)
  5 caustic shrikes (Depths:5)
  Nikola (Swamp:4)
  the Enchantress (Depths:1)
  Arachne (Spider:4)
  Jorgrun (Swamp:3)
  Rupert (D:12)
  2 liches (Depths:3)
  3 tentacled monstrosities (Vaults:5)
  3 titans
  4 sphinxes
  Gastronok (Lair:1)
  A storm dragon (Depths:5)
  3 thorn hunters
  6 fire giants
  4 shadow dragons (Vaults:5)
  5 tengu reavers
  11 frost giants
  12 vault wardens
  2 deep elf sorcerers (Vaults:5)
  4 ghost moths (Spider:4)
  An imperial myrmidon (Desolation)
  An orc warlord (Orc:1)
  3 iron dragons
  A draconian shifter (Depths:5)
  5 emperor scorpions
  A deep elf elementalist (Vaults:5)
  A draconian annihilator (Depths:5)
  20 very ugly things
  6 spriggan defenders
  A vampire knight (Depths:2)
  10 ironheart preservers
  25 stone giants
  Nessos (Orc:2)
  A black draconian (Depths:5)
  A white draconian (Depths:5)
  3 war gargoyles
  A halazid warlock (Desolation)
  A red draconian (Depths:5)
  4 entropy weavers
  2 deep elf annihilators
  5 eleionomae
  Snorg (D:14)
  4 bunyips (Swamp:3)
  3 yellow draconians (Depths:5)
  19 spark wasps
  13 ettins
  2 merfolk impalers
  4 crystal guardians (Desolation)
  A green death (Depths:2)
  3 merfolk javelineers
  19 yaktaur captains
  9 fire dragons
  Josephine (D:13)
  7 great orbs of eyes
  4 deep elf high priests
  6 ragged hierophants (Desolation)
  3 catoblepae (Lair:6)
  8 ice dragons
  4 shambling mangroves
  5 servants of whispers (Desolation)
  4 rakshasas
  6 spriggan air magi
  3 peacekeepers (Desolation)
  2 monstrous demonspawn (Depths:2)
  26 vault guards
  5 boulder beetles
  12 centaur warriors
  29 hydras
  2 ghost crabs
  15 ogre magi
  4 death knights
  6 alligators
  An anaconda (shapeshifter) (Depths:2)
  4 deep troll shamans
  20 death yaks
  39 two-headed ogres
  3 tengu warriors
  2 orc high priests
  Urug (Lair:2)
  5 spriggan berserkers
  3 sun demons
  6 deep troll earth magi
  3 soul eaters
  A shock serpent (Depths:2)
  5 deep elf knights
  4 hell knights
  Sonja (D:13)
  The ghost of psychodelta the Cleaver, a novice MiFi of Gozag (D:6)
  A shadow wraith (Vaults:3)
  A skeletal warrior (D:13)
  A salamander mystic (Depths:4)
  A death drake (shapeshifter) (Depths:3)
  2 glowing orange brains
  12 goliath frogs
  5 unseen horrors
  15 deep trolls
  A flayed ghost (Vaults:4)
  A gelid demonspawn (Depths:3)
  5 spriggan druids
  An unseen horror (shapeshifter) (Vaults:1)
  A shadow demon (Depths:1)
  2 obsidian statues
  10 swamp dragons
  5 phantasmal warriors
  A lindwurm (shapeshifter) (D:15)
  2 deep elf archers
  12 ironbrand convokers
  2 orb spiders (shapeshifter)
  5 wolf spider zombies (Spider:3)
  13 orc knights
  4 deep elf zephyrmancers
  28 wolf spiders
  3 necromancers
  A mana viper (Depths:2)
  2 manticores (Lair:6)
  10 deep elf pyromancers
  2 salamanders (Depths:4)
  25 orb spiders
  5 orc sorcerers
  4 oklob plants
  34 ugly things
  4 will-o-the-wisps
  6 cyclopes
  5 moths of wrath
  13 black mambas
  10 elephants
  13 vault sentinels
  A naga mage (Depths:2)
  A molten gargoyle (Vaults:4)
  A frost giant skeleton (Vaults:3)
  6 guardian serpents
  2 ice statues (IceCv)
  A rust devil (Depths:1)
  2 torpor snails
  3 gargoyles
  3 smoke demons
  2 orange demons (Depths:1)
  17 cane toads
  A cane toad (shapeshifter) (D:13)
  8 demonic crawlers
  5 rime drakes
  5 komodo dragons
  5 freezing wraiths
  A kobold demonologist (D:14)
  2 yaktaurs (shapeshifter)
  A hellwing (Depths:4)
  26 yaktaurs
  A komodo dragon (shapeshifter) (Vaults:3)
  A tengu conjurer (Depths:4)
  12 redback zombies (Spider:3)
  3 meliai (Spider:2)
  34 jumping spiders
  2 trolls (shapeshifter)
  A red devil (Depths:4)
  A queen bee (shapeshifter) (Depths:1)
  8 trolls
  7 tyrant leeches
  2 polar bears (Lair:6)
  A slime creature (shapeshifter) (Depths:2)
  39 saltlings
  38 hornets
  A tengu simulacrum (Vaults:2)
  8 tarantella zombies (Spider:3)
  27 slime creatures
  5 blink frogs (Lair:4)
  A meliai zombie (D:14)
  3 dream sheep (Lair:6)
  A dream sheep (shapeshifter) (D:15)
  2 shadows
  Sigmund (D:4)
  63 redbacks
  11 water elementals
  8 wyverns
  33 yaks
  A vampire (D:11)
  A ynoxinul (Depths:2)
  6 wraiths
  30 spriggans
  20 tarantellas
  3 basilisks
  A steam dragon (D:12)
  16 vampire mosquitoes
  3 acid dragons
  4 wargs
  A soldier ant (D:11)
  A swamp worm (shapeshifter) (Vaults:2)
  A soldier ant (shapeshifter) (Vaults:1)
  18 swamp worms
  Edmund (D:4)
  Duvessa (D:4)
  14 water moccasins
  A floating eye (shapeshifter) (Vaults:3)
  42 orc warriors
  20 ice beasts
  3 swamp drakes (Swamp:4)
  6 black bears
  A black bear (shapeshifter) (Depths:3)
  2 hornet zombies (D:14)
  3 sky beasts
  An ettin simulacrum (Vaults:2)
  An eye of draining (D:11)
  57 ogres
  A boggart (Vaults:3)
  A necrophage (D:5)
  15 centaurs
  A human skeleton (Vaults:3)
  7 wolves
  A phantom (D:11)
  5 elf zombies (Ossuary)
  3 big kobolds
  A wyvern zombie (D:10)
  Dowan (D:4)
  17 bullfrogs
  3 wyvern skeletons
  A scorpion (D:8)
  A killer bee (D:11)
  22 wights
  5 howler monkeys
  7 electric eels
  3 crimson imps
  A bullfrog zombie (D:8)
  3 quasits
  A human simulacrum (Vaults:3)
  A bullfrog skeleton (D:9)
  7 centaur zombies
  3 jellies
  5 hounds
  6 human zombies
  26 orc priests
  6 centaur skeletons
  4 iron imps
  5 iguanas
  Natasha (thrice) (D:3)
  Ijyb (D:5)
  26 orc wizards
  12 worker ants
  2 hound skeletons
  A hound zombie (D:8)
  3 mummies (Ossuary)
  3 gnolls (D:6)
  13 adders
  A shadow imp (Depths:3)
  7 white imps
  3 ufetubi
  3 oozes
  2 adder zombies
  An adder skeleton (D:5)
  4 worms
  A dart slug (D:2)
  2 leopard geckos
  113 orcs
  6 bats
  5 giant cockroaches
  2 goblins
  A hobgoblin (D:2)
  15 kobolds
  9 quokkas
  2 ball pythons
  4 frilled lizards
  A goblin zombie (D:8)
  A quokka skeleton (D:5)
  A quokka zombie (D:8)
  9 rats
1854 creatures vanquished.

Vanquished Creatures (collateral kills)
  A vault guard (Vaults:4)
  A spriggan berserker (Depths:1)
  A deep troll (Depths:5)
  A phantasmal warrior (Vaults:5)
  A vault sentinel (Vaults:5)
  A water elemental (Depths:3)
  An ufetubus (Depths:3)
7 creatures vanquished.

Vanquished Creatures (others)
  A spriggan air mage (Depths:1)
  A hydra (Swamp:3)
  An ogre mage (Vaults:3)
  A two-headed ogre (Vaults:2)
  An alligator (Swamp:1)
  A deep troll (Depths:5)
  A wolf spider (Spider:1)
  A dancing weapon (D:15)
  3 bloated husks
  2 jumping spiders
  A saltling (Desolation)
  2 hornets (Swamp:3)
  A tarantella zombie (Spider:3)
  2 redbacks
  A spriggan (Swamp:2)
  A water elemental (Depths:4)
  A swamp worm (Swamp:1)
  A water moccasin (Lair:6)
  3 swamp drakes (Swamp:4)
  A nameless horror (Vaults:5)
  A bullfrog skeleton (D:13)
  An orc wizard (Orc:2)
  A shadow imp (D:8)
  An orc (Orc:2)
  A briar patch (Swamp:1)
  5 foxfires (Swamp:3)
  38 fungi
  29 plants
  3 toadstools (D:15)
107 creatures vanquished.

Grand Total: 1968 creatures vanquished
